Parsley, chaotic male elven Ranger --------- ----------- |.......| |.........| |.......| ..........| --------- |........# ##|.........| ........| |.......|# #..........| |.......| -------- |.>.....|# #|........<| |...^...| |[[[[[.| -------.-# #-------.--- ##........| |[[d[[.| ## # ## # # |.......| |m@[.[.| # # # # # -----|--- |[[[.[.| ### # # # # # |[[..[@-### # # # # # -------- # ##### #------.---------# # # ### --.--- #...............|# ## # # |....-#####`|..............|# -.-----# ##-....| #|......{.......|# |.....-# |....| #|............>.-# |.....| ------ #---------------- |.....| #### ------- Parsley the Lookout Experience level: 3 Strength: 16 Dexterity: 10 Constitution: 15 Intelligence: 13 Wisdom: 14 Charisma: 7 Health: 0(26) Energy: 15(15) Def: 3 Gold: 0 Moves: 647 Dungeon seed: 5sanhakw3C4cRZmg Game ID: Parsley_1616077409 Your Inventory: Weapons a - a +1 elven dagger (weapon in hand) b - a +1 elven bow (alternate weapon; not wielded) c - 59 +2 elven arrows d - 38 +0 elven arrows (in quiver) j - a +2 arrow k - a cursed -1 arrow Armor e - an uncursed +2 elven cloak (being worn) n - an uncursed +0 pair of leather gloves q - an uncursed +0 leather armor r - an uncursed +0 pair of water walking boots Comestibles f - 5 uncursed lembas wafers Scrolls h - a cursed scroll of identify Potions i - an uncursed potion of water Spells and supernatural/magical abilities: Name Level Category Fail Memory W - pray for help -- divine ? -- Your skills at the end: Fighting Skills Weapon Skills dagger [Basic] bow [Basic] Spellcasting Skills Final Attributes: You were piously aligned. You had automatic searching. You had infravision. You were stealthy. You were held by a large mimic. You are dead. Vanquished creatures: a small mimic 4 jackals 2 kobolds 2 lichens a kobold zombie 4 newts 14 creatures vanquished. Voluntary challenges: You were an atheist. You used a wielded weapon 21 times, starting on turn 13. You were illiterate. You never genocided any monsters. You never polymorphed an object. You never changed form. You used no wishes. You never split a pudding. You never wrote Elbereth's name. You never violated your personal moral code. Dungeon overview: The Dungeons of Doom: levels 1 to 2 Level 1 a fountain, a sink a long staircase Level 2 <- You were here an armor shop, a fountain a long staircase History has recorded: On T:1 you entered the Dungeons of Doom to retrieve the Amulet of Yendor! On T:334 you reached level 2 of The Dungeons of Doom. On T:516 you advanced to experience level 2. On T:624 you advanced to experience level 3. Score breakdown: Gold: 0 ( 0 points) Experience: 3 levels ( 7878 points) Exploration: 2 levels ( 4.26%) ( 4423 points) Discoveries: 0 items ( 0.00%) ( 0 points) Valuables value: (no points given unless you survive) Artifact value: 0 ( 0 points) Variety of kills: 6 monsters ( 1.57%) ( 3764 points) Turncount: 647 turns ( 0 points) Survival: died (score multiplied by 80%) Total score: 12852 Latest messages: You see here a splint mail (120 zorkmids). You see here a plate mail (900 zorkmids). Sirius drops a pair of buckled boots. You stop. Sirius is in the way! You see here a splint mail (120 zorkmids). There are a few objects here. "For you, good sir; only 75 for this pair of buckled boots." r - a pair of buckled boots (unpaid, 75 zorkmids). "For you, most gracious sir; only 120 for this polished silver shield." y - a polished silver shield (unpaid, 120 zorkmids). You drop a polished silver shield (unpaid, 120 zorkmids). You see here a scale mail (67 zorkmids). (2x) You see here a plate mail (900 zorkmids). You see here a chain mail (112 zorkmids). You see here a splint mail (120 zorkmids). Wait! That's a large mimic! You hit the large mimic. (3x) The large mimic hits! You hit the large mimic. (2x) You miss the large mimic. You hit the large mimic. The large mimic hits! You die... Gaziantep comes and takes all your possessions. Final status: Goodbye Parsley the Ranger, killed by a large mimic... You died in The Dungeons of Doom on dungeon level 2 with 12852 points, and 0 pieces of gold, after 647 moves. You were level 3 with a maximum of 26 hit points when you died.